 Dungeon Crawl Stone Soup version 0.31-a0-1093-gadecf4124d (webtiles) character file.

Game seed: 7929021561254459530

2884 Colgate the Thaumaturge (level 10, -12/72 HPs)
             Began as a Djinni Hedge Wizard on Nov 29, 2023.
             Was a Believer of Nemelex Xobeh.
             Killed from afar by a gargoyle (23 damage)
             ... with a stone arrow
             ... on level 7 of the Dungeon.
             The game lasted 00:41:16 (9419 turns).

Colgate the Thaumaturge (Djinni Hedge Wizard)       Turns: 9419, Time: 00:41:16

Health: -12/72     AC:  5    Str:  9    XL:     10   Next: 5%
Gold:   294        EV: 13    Int: 20    God:    Nemelex Xobeh [**....] SH:  0 Dex: 13

rFire   + + .        a - +1 dagger (venom)
rCold   . . .        (no shield)
rNeg    . . .        d - +2 robe {rC+}
rPois   ∞            c - +0 hat
rElec   .            (no cloak)
rCorr   .            l - +0 pair of gloves
SInv    .            (boots unavailable)
Will    +....        r - amulet of faith
Stlth   ++           (no ring)
HPRegen 0.32/turn    (no ring)
MPRegen 0.00/turn

%: faith, infuse magic (-13 HP)
@: flying
A: sickness immunity, fire resistance 2, cold vulnerability 1, float, innate
caster, HP casting, extra vitality 1
a: Renounce Religion, Draw Escape, Draw Destruction, Draw Summoning


You were on level 7 of the Dungeon.
You worshipped Nemelex Xobeh.
Nemelex Xobeh was pleased with you.
You visited 2 branches of the dungeon, and saw 8 of its levels.

You collected 294 gold pieces.

Inventory:

Hand Weapons
 a - a +1 dagger of venom (weapon)
 b - a +1 flail of draining
 q - a +0 morningstar
Armour
 c - a +0 hat (worn)
 d - a +2 robe of cold resistance (worn)
 l - a +0 pair of gloves (worn)
Jewellery
 r - an amulet of faith (around neck)
Wands
 i - a wand of flame (16)
 s - a wand of light (6) {@v1}
Scrolls
 e - a scroll of immolation
 k - 2 scrolls of teleportation {@r3}
 m - a scroll of revelation
 p - 2 scrolls of vulnerability
 t - a scroll of enchant armour {unknown}
 u - a scroll of amnesia {unknown}
 w - a scroll of poison {unknown}
 x - a scroll of blinking {unknown}
Potions
 f - 4 potions of curing {@q1}
 g - a potion of cancellation {unknown}
 h - 4 potions of heal wounds {@q2}
 j - a potion of enlightenment {unknown}
 n - a potion of haste {@q4}
 o - a potion of brilliance {unknown}
 v - a potion of magic {unknown}


   Skills:
 - Level 5.8 Fighting
 - Level 1.1 Short Blades
 - Level 3.3 Dodging
 - Level 2.0 Stealth
 + Level 8.6 Spellcasting
 + Level 8.6 Conjurations
 + Level 8.6 Hexes
   Level 0.0 Charms
 + Level 8.6 Summonings
 + Level 8.6 Necromancy
 + Level 8.6 Translocations
 + Level 8.6 Transmutations
 + Level 8.6 Fire Magic
 + Level 8.6 Ice Magic
 + Level 8.6 Air Magic
 + Level 8.6 Earth Magic
 + Level 8.6 Poison Magic
 - Level 2.0 Invocations
 - Level 2.0 Evocations


You knew the following spells:

 Your Spells              Type           Power      Damage    Failure   Level
a - Magic Dart            Conj           100%       1d8       1%          1
b - Slow                  Hex            100%       N/A       1%          1
c - Blink                 Tloc           86%        N/A       1%          2
d - Call Imp              Summ           86%        N/A       1%          2
e - Mephitic Cloud        Conj/Pois/Air  43%        N/A       1%          3
f - Kiss of Death         Conj/Necr      100%       2d13      1%          1
g - Jinxbite              Hex            86%        N/A       1%          2
h - Searing Ray           Conj           86%        2d7       1%          2
i - Dazzling Flash        Conj/Hex       86%        N/A       1%          3
Your spell library was empty.

Dungeon Overview and Level Annotations

Branches:
Dungeon (7/15)             Temple (1/1) D:5

Altars:
Cheibriados
Dithmenos
Fedhas
Gozag
Hepliaklqana
Makhleb
Nemelex Xobeh
Okawaru
Qazlal
Ru
Trog
Uskayaw
Xom
Yredelemnul
The Shining One


Innate Abilities, Weirdness & Mutations

You are immune to sickness and miasma.
You are immune to poison.
Your flesh is very heat resistant. (rF++)
You are vulnerable to cold. (rC-)
You float through the air rather than walking.
You learn spells naturally, not from books.
Your magical power is your life essence.
You have superior vitality. (+4 MHP)


Message History

Casting: Call Imp (safe; 1% risk of failure)
A tiny devil pulls itself out of the air.
Your cerulean imp hits the gargoyle but does no damage.
Your cerulean imp closely misses the gargoyle.
The gargoyle barely misses your cerulean imp.
Your cerulean imp barely misses the gargoyle.
The gargoyle hits your cerulean imp with a +0 mace.
Your cerulean imp hits the gargoyle but does no damage.
The gargoyle hurls a stone arrow at you.
The stone arrow hits your cerulean imp!!
Your cerulean imp dies!
Your cerulean imp disappears in a puff of smoke!
Casting: Call Imp (safe; 1% risk of failure)
Aiming: Slow (safe; 1% risk of failure)
Press: ? - help, Shift-Dir - straight line, f/p - gargoyle
Aim: a gargoyle, wielding a +0 mace (severely damaged, chance to affect: 38%)
Okay, then.
You are too injured to fight recklessly!
Aiming: Searing Ray (safe; 1% risk of failure)
Press: ? - help, Q - select action, (/) - cycle Shift-Dir - straight line, f/p - gargoyle
Aim: a gargoyle, wielding a +0 mace (blue smoke, severely damaged, 91% to hit)
The searing ray hits the gargoyle but does no damage. (Press . to maintain the ray.)
The searing ray hits the gargoyle.
The searing ray hits the gargoyle.
The gargoyle hurls a stone arrow at you.
The stone arrow misses you.
The searing ray hits the gargoyle but does no damage.
You finish channelling your searing ray.
Okay, then.
The gargoyle hurls a stone arrow at you.
The stone arrow misses you.
The gargoyle hurls a stone arrow at you.
The stone arrow hits you!
* * * LOW HITPOINT WARNING * * *
There is a stone staircase leading up here.
The gargoyle hurls a stone arrow at you.
The stone arrow hits you!!
You die...
Your body glows slightly and disappears.

# #.........# ##.#.#.# #
##.####...# #.#).#.# # #.# #####
##)#...# ###########.######
#)##..# .................#
#.##..### ######.####.####.#
#.##..#.. .........##.#
#.########.##....~
.#######...^####.#........##...~~
## ### ###..9...@..#########...~8
##+.+## #..####.### #...~~
#+.....+###.####.### #.#..~
#.......# #.##.....# #.##..
........+##.##.....####### #.####
....8....##.##...........# #.#
.9......+##.##.....#####.# #.#
#.......# #.##.....# #.# #.#
#'..)..'###.######## #.# #.#


You could see a gargoyle.

Vanquished Creatures
  A gargoyle (D:7)
  A troll (D:7)
  Sigmund (D:3)
  2 water moccasins (D:7)
  A sky beast (D:7)
  An ice beast (D:6)
  An ogre (D:4)
  A centaur (D:7)
  A bullfrog (D:7)
  2 scorpions
  4 killer bees (D:7)
  3 vampire bats (D:6)
  2 howler monkeys (D:6)
  4 orc priests
  2 hounds
  A sleepcap (D:4)
  Terence (D:1)
  An iguana (D:5)
  9 orc wizards
  Robin (D:2)
  2 adders
  4 gnolls
  A white imp (D:5)
  A worm (D:2)
  3 dart slugs
  26 orcs
  3 ball pythons
  A bat skeleton (D:6)
  4 bat zombies (D:6)
  6 endoplasms
  A giant cockroach (D:4)
  12 goblins
  8 hobgoblins
  5 kobolds
  A quokka (D:2)
  5 bats
  2 frilled lizards
  2 rats
127 creatures vanquished.

Vanquished Creatures (collateral kills)
  Prince Ribbit (D:7)
  An ogre (D:6)
  Blork the orc (D:5)
  A jelly (D:6)
  A sleepcap (D:6)
  2 gnolls
  An adder (D:2)
  A worm (D:2)
  3 orcs
  5 endoplasms
  2 giant cockroaches
  5 goblins
  4 hobgoblins
  A quokka (D:4)
  A frilled lizard (D:2)
  A rat (D:3)
31 creatures vanquished.

Grand Total: 158 creatures vanquished

Notes
Turn   | Place    | Note
-------+----------+-------------------------------------------
     0 | D:1      | Colgate the Djinni Hedge Wizard began the quest for the
                  | Orb.
     0 | D:1      | Colgate set off with the following spells memorised: Magic
                  | Dart, Slow, Blink, Call Imp, Mephitic Cloud.
     0 | D:1      | Reached XP level 1. HP: 15/15 MP: 0/0
   170 | D:1      | Reached XP level 2. HP: 18/21 MP: 0/0
   698 | D:1      | Reached XP level 3. HP: 16/25 MP: 0/0
   698 | D:1      | Learned a level 1 spell: Kiss of Death
   758 | D:2      | Noticed Robin
  1057 | D:2      | HP: 1/25 [constriction (1)]
  1203 | D:2      | Noticed Terence
  1224 | D:1      | Killed Terence
  1225 | D:1      | Reached XP level 4. HP: 6/31 MP: 0/0
  1364 | D:2      | Killed Robin
  1908 | D:2      | Reached XP level 5. HP: 28/35 MP: 0/0
  1908 | D:2      | Learned a level 2 spell: Jinxbite
  2724 | D:3      | Noticed Sigmund
  2738 | D:3      | Killed Sigmund
  2739 | D:3      | Reached skill level 5 in Spellcasting
  2739 | D:3      | Reached skill level 5 in Conjurations
  2739 | D:3      | Reached skill level 5 in Hexes
  2739 | D:3      | Reached skill level 5 in Summonings
  2739 | D:3      | Reached skill level 5 in Necromancy
  2739 | D:3      | Reached skill level 5 in Translocations
  2739 | D:3      | Reached skill level 5 in Transmutations
  2739 | D:3      | Reached skill level 5 in Fire Magic
  2739 | D:3      | Reached skill level 5 in Ice Magic
  2739 | D:3      | Reached skill level 5 in Air Magic
  2739 | D:3      | Reached skill level 5 in Earth Magic
  2739 | D:3      | Reached skill level 5 in Poison Magic
  2739 | D:3      | Reached XP level 6. HP: 30/40 MP: 0/0
  3163 | D:3      | Found a sparkling altar of Nemelex Xobeh.
  3525 | D:3      | Became a worshipper of Nemelex Xobeh the Trickster
  3617 | D:4      | Noticed an ogre
  3700 | D:4      | Killed an ogre
  3701 | D:4      | Reached XP level 7. HP: 35/45 MP: 0/0
  3701 | D:4      | Learned a level 2 spell: Searing Ray
  3937 | D:4      | Found an iron altar of Okawaru.
  3938 | D:4      | Found a sacrificial altar of Ru.
  4375 | D:4      | Reached * piety under Nemelex Xobeh
  4636 | D:4      | Reached skill level 1 in Short Blades
  4642 | D:4      | Reached skill level 1 in Fighting
  5397 | D:5      | Entered Level 5 of the Dungeon
  5577 | D:5      | Received a gift from Nemelex Xobeh
  5577 | D:5      | Found a staircase to the Ecumenical Temple.
  5579 | D:5      | Noticed Blork the orc
  5595 | D:5      | HP: 1/49 [white imp/puff of frost (6)]
  5839 | D:5      | Killed Blork the orc
  5840 | D:5      | Reached XP level 8. HP: 37/54 MP: 0/0
  5930 | Temple   | Entered the Ecumenical Temple
  5934 | D:5      | Found a stormy altar of Qazlal.
  6019 | D:5      | Found a snail-covered altar of Cheibriados.
  6660 | D:6      | Reached skill level 1 in Invocations
  6833 | D:6      | Reached skill level 1 in Evocations
  7649 | D:6      | Reached ** piety under Nemelex Xobeh
  7866 | D:6      | Reached XP level 9. HP: 49/61 MP: 0/0
  7866 | D:6      | Learned a level 3 spell: Dazzling Flash
  7964 | D:7      | Noticed a troll
  7991 | D:7      | Killed a troll
  8462 | D:7      | Reached skill level 5 in Fighting
  8540 | D:7      | Noticed Prince Ribbit
  8569 | D:7      | Killed Prince Ribbit
  9245 | D:7      | Found a burning altar of Makhleb.
  9285 | D:7      | Noticed a gargoyle
  9291 | D:7      | Killed a gargoyle
  9292 | D:7      | Reached XP level 10. HP: 53/72 MP: 0/0
  9365 | D:7      | Noticed a gargoyle
  9419 | D:7      | Killed from afar by a gargoyle

Illustrated notes

Levels and vault maps discovered:
D:1:      ncdulo_smallfort, layout_basic
D:2:      layout_rooms, minmay_quadrilaterals, uniq_robin, uniq_terence
D:3:      layout_loops_corners, mainiacjoe_overflow_brackets, uniq_sigmund
D:4:      layout_gridville, nicolae_overflow_squiral
D:5:      layout_cave_pools, general_overflow_altar, mainiacjoe_overflow_paths,
          minmay_temple_entry_overgrown, kennysheep_nondescript,
          kennysheep_cluttered_room, uniq_blork_the_orc
D:6:      layout_loops_ring, kennysheep_vampire_church
D:7:      cheibrodos_statue_roulette, layout_loops_ring, kennysheep_mini,
          moated_statue, uniq_prince_ribbit1
Temple:   nicolae_temple_bog_church

Skill      XL: |  1  2  3  4  5  6  7  8  9 |
---------------+----------------------------+-----
Spellcasting   | 3 4 5 6 7 8 |  8.6
Conjurations   | 3 4 5 6 7 8 |  8.6
Hexes          | 3 4 5 6 7 8 |  8.6
Summonings     | 3 4 5 6 7 8 |  8.6
Necromancy     | 3 4 5 6 7 8 |  8.6
Translocations | 3 4 5 6 7 8 |  8.6
Transmutations | 3 4 5 6 7 8 |  8.6
Fire Magic     | 3 4 5 6 7 8 |  8.6
Ice Magic      | 3 4 5 6 7 8 |  8.6
Air Magic      | 3 4 5 6 7 8 |  8.6
Earth Magic    | 3 4 5 6 7 8 |  8.6
Poison Magic   | 3 4 5 6 7 8 |  8.6
Short Blades   | 1 |  1.1
Fighting       | 2 3 5 |  5.8
Invocations    | 2 |  2.0
Evocations     | 2 |  2.0
Stealth        | 2 |  2.0
Dodging        | 3 |  3.3

Action                     |  1- 3 |  4- 6 |  7- 9 | 10-12 || total
---------------------------+-------+-------+-------+-------++-------
  Melee: Flail             |     3 |       |       |       ||     3
         Dagger            |     5 |    47 |    49 |       ||   101
         Punch             |       |       |     1 |       ||     1
   Cast: Magic Dart        |    47 |    12 |       |       ||    59
         Call Imp          |    13 |    19 |    41 |     4 ||    77
         Mephitic Cloud    |     9 |    36 |    55 |       ||   100
         Jinxbite          |       |    10 |     7 |       ||    17
         Searing Ray       |       |       |    62 |     2 ||    64
 Invoke: Draw Destruction  |       |       |     3 |       ||     3
    Use: Potion            |     1 |       |       |       ||     1
         Scroll            |       |       |     6 |       ||     6
   Stab: Distracted        |     1 |       |       |       ||     1
         Confused          |     1 |     8 |     5 |       ||    14
         Sleeping          |     1 |       |       |       ||     1
 Armour: Robe              |    37 |    12 |    53 |     5 ||   107
  Dodge: Dodged            |    37 |    22 |    71 |     4 ||   134

Table legend: (Time is in decaauts)
 A = Elapsed time spent in this place.
 B = Non-inter-level travel time spent in this place.
 C = Inter-level travel time spent in this place.
 D = Time resting spent in this place.
 E = Time spent auto-exploring this place.
 F = Levels seen in this place.
 G = Mean time per level.
                   A        B        C        D        E       F      G
               +--------+--------+--------+--------+--------+-----+--------+
         Total |   9403 |   8786 |    617 |    262 |   7285 |   8 | 1175.4 |
       Dungeon |   9401 |   8784 |    617 |    262 |   7285 |   7 | 1343.0 |
        Temple |      1 |      1 |      0 |      0 |      0 |   1 |    1.0 |
               +--------+--------+--------+--------+--------+-----+--------+

Top non-repeatable levels by time:
     D:4: 2040 daAuts
     D:7: 1476 daAuts
     D:1: 1341 daAuts
     D:6: 1288 daAuts
     D:3: 1250 daAuts
     D:5: 1012 daAuts
     D:2: 991 daAuts
  Temple: 1 daAuts
